 Dungeon Crawl Stone Soup version 0.29-a0-1019-g84f7d21838 (webtiles) character file.

Game seed: 2813672128640995423

2 Zonian the Vexing (level 1, 0/7 HPs)
             Began as a Felid Enchanter on Aug 11, 2022.
             Constricted to death by a ball python (1 damage)
             ... on level 1 of the Dungeon.
             The game lasted 00:00:43 (433 turns).

Zonian the Vexing (Felid Enchanter)                  Turns: 433, Time: 00:00:44

Health: 0/7        AC:  1    Str:  4    XL:     1   Next: 33%
Magic:  4/4        EV: 14    Int: 16    God:
Gold:   6          SH:  0    Dex: 16    Spells: 4/4 levels left
                                        Lives:  0   Deaths: 0

rFire   . . .      SeeInvis +     - Unarmed
rCold   . . .      Faith    .   (shield unavailable)
rNeg    . . .      Spirit   .   (body armour unavailable)
rPois   .          Reflect  .   (helmet unavailable)
rElec   .          Harm     .   (cloak unavailable)
rCorr   .          Rampage  .   (gloves unavailable)
Will    .....                   (boots unavailable)
Stlth   +++.......              (no amulet)
HPRegen 0.02/turn               (no ring)
MPRegen 0.09/turn               (no ring)

@: constricted, quick
A: very small, claws 1, fangs 3, see invisible, speed 1, shaggy fur 1, stealthy
paws, no weapons or thrown items, no armour, multi-lived
a: no special abilities


You were on level 1 of the Dungeon.
You visited 1 branch of the dungeon, and saw 1 of its levels.

You collected 6 gold pieces.

Inventory:

Scrolls
 c - a scroll of vulnerability {unknown}
Potions
 a - 2 potions of invisibility
 b - a potion of flight {unknown}


   Skills:
 + Level 2.7 Dodging
 + Level 4.0 Stealth
 + Level 1.0 Unarmed Combat
 + Level 2.0 Spellcasting
 + Level 4.4 Hexes


You had 4 spell levels left.
You didn't know any spells.
Your spell library contained the following spells:

 Spells                   Type           Power      Damage    Failure   Level
 Confusing Touch          Hex            15%        N/A       10%         3
 Tukima's Dance           Hex            15%        N/A       10%         3
 Ensorcelled Hibernation  Hex/Ice        16%        N/A       13%         2
 Dazzling Flash           Conj/Hex       16%        N/A       26%         3


Dungeon Overview and Level Annotations

Branches:
Dungeon (1/15)

Altars:


Innate Abilities, Weirdness & Mutations

You have sharp claws.
You have razor-sharp teeth.
You have supernaturally acute eyesight. (SInv)
You cover ground quickly. (Speed+)
You are covered in fur. (AC +1)
Your paws help you pounce on unaware monsters.
You are incapable of wielding weapons or throwing items.
You cannot wear armour.
You gain extra lives every three experience levels.


Message History

The kobold is severely wounded.
The kobold closely misses you.
Unknown command.
You scratch the kobold.
You kill the kobold!
Unknown command.
Things that are here:
a +0 dagger; a stone; a kobold corpse You start resting.
You start resting.
HP restored.
You start waiting.
Done waiting.
You start waiting.
Done waiting.
Found 6 gold pieces.
c - a scroll labelled UDGHYADUVIU You now have 6 gold pieces.
A ball python comes into view.
Unknown command.
The ball python hisses angrily.
The ball python closely misses you. The ball python barely misses you.
You scratch the ball python.
The ball python is moderately wounded.
The ball python bites you but does no damage.
The ball python completely misses you.
You closely miss the ball python.
The ball python is moderately wounded.
The ball python misses you. The ball python grabs you.
The ball python constricts you.
You closely miss the ball python. Your bite misses the ball python.
The ball python is moderately wounded.
The ball python bites you. The ball python constricts you.
* * * LOW HITPOINT WARNING * * *
The ball python closely misses you. The ball python constricts you.
* * * LOW HITPOINT WARNING * * *
You barely miss the ball python.
The ball python is moderately wounded.
The ball python closely misses you. The ball python constricts you.
You die...

.. #### #.. .##...
#.# #.#...#### #.#
#.......# #.#
#.......# #.#
#.......####.#####..
#...................
#........###@######
#.#.......#..S.#
#.......#.####
.#.###.......#.
#............#
.#.###...#####
....)...##
.....##.####
.....##....#


You could see a ball python.

Vanquished Creatures
  A goblin (D:1)
  A kobold (D:1)
2 creatures vanquished.

Notes
Turn   | Place    | Note
-------+----------+-------------------------------------------
     0 | D:1      | Zonian the Felid Enchanter began the quest for the Orb.
     0 | D:1      | Reached XP level 1. HP: 7/7 MP: 4/4
   433 | D:1      | Constricted to death by a ball python

Illustrated notes

Levels and vault maps discovered:
D:1:      tarquinn_simple_flora_water_d, layout_basic,
          shapermc_ecumenical_altar_starsandcircs

Action                   || total
-------------------------++-------
Melee: Unarmed           ||    12
       Bite              ||     1
Armor: Skin              ||     1
Dodge: Dodged            ||    10

Table legend: (Time is in decaauts)
 A = Elapsed time spent in this place.
 B = Non-inter-level travel time spent in this place.
 C = Inter-level travel time spent in this place.
 D = Time resting spent in this place.
 E = Time spent auto-exploring this place.
 F = Levels seen in this place.
 G = Mean time per level.
                   A        B        C        D        E       F      G
               +--------+--------+--------+--------+--------+-----+--------+
         Total |    419 |    419 |      0 |    354 |     17 |   1 |  419.0 |
       Dungeon |    419 |    419 |      0 |    354 |     17 |   1 |  419.0 |
               +--------+--------+--------+--------+--------+-----+--------+

Top non-repeatable levels by time:
     D:1: 419 daAuts
